 Dungeon Crawl Stone Soup version 0.27.0-1-g7a089689b8 (webtiles) character file.

Game seed: 14912881804006378613

1047 SkeletonJelly the Slasher (level 8, -11/63 HPs)
             Began as a Black Draconian Monk on Aug 18, 2021.
             Was a Believer of Uskayaw.
             Mangled by a two-headed ogre (14 damage)
             ... on level 6 of the Dungeon.
             The game lasted 00:14:09 (7277 turns).

SkeletonJelly the Slasher (Black Draconian Monk)    Turns: 7277, Time: 00:14:09

Health: -11/63     AC:  9    Str: 16    XL:     8   Next: 5%
Magic:  11/13      EV: 12    Int: 10    God:    Uskayaw [**....]
Gold:   363        SH:  0    Dex: 14    Spells: 7/7 levels left

rFire    . . .     SeeInvis .   a - +0 falchion
rCold    . . .     Faith    .   (no shield)
rNeg     . . .     Spirit   .   (armour unavailable)
rPois    .         Reflect  .   (helmet restricted)
rElec    +         Harm     .   b - +2 cloak
rCorr    .         Rampage  .   (no gloves)
Will     .....                  (no boots)
Stlth    ++........             (no amulet)
HPRegen  0.20/turn              (no ring)
MPRegen  0.13/turn              (no ring)

@: short of breath
A: breathe lightning, AC +6, unfitting armour, electricity resistance,
cold-blooded
a: Breathe Lightning, Renounce Religion, Stomp, Line Pass


You were on level 6 of the Dungeon.
You worshipped Uskayaw.
Uskayaw was noncommittal.
You visited 2 branches of the dungeon, and saw 7 of its levels.
You also visited: Sewer.

You collected 363 gold pieces.

Inventory:

Hand Weapons
 a - a +0 falchion (weapon)
 n - a +0 hand axe of flaming
 u - a +0 long sword
Armour
 b - a +2 cloak (worn)
Wands
 t - a wand of charming (7)
 v - a wand of iceblast (5)
Scrolls
 c - 2 scrolls of identify
 d - a scroll of magic mapping
 f - 5 scrolls of vulnerability {unknown}
 j - 2 scrolls of teleportation {unknown}
 l - 3 scrolls of immolation {unknown}
 m - 2 scrolls of acquirement {unknown}
 q - a scroll of fear {unknown}
 r - 2 scrolls of fog {unknown}
Potions
 e - a potion of ambrosia
 g - 4 potions of might {unknown}
 h - a potion of mutation {unknown}
 i - 2 potions of berserk rage {unknown}
 k - a potion of flight {unknown}
 o - a potion of haste {unknown}
 p - a potion of curing {unknown}
 s - 2 potions of attraction {unknown}


   Skills:
 - Level 3.3 Fighting
 * Level 7.6 Long Blades
 - Level 2.7 Dodging
 - Level 1.8 Stealth
 + Level 6.7 Invocations


You had 7 spell levels left.
You didn't know any spells.
Your spell library contained the following spells:

 Spells                   Type           Power      Damage    Failure   Level
 Sting                    Tmut/Pois      0%         1d3       36%         1
 Poisonous Vapours        Pois/Air       0%         N/A       50%         2
 Slow                     Hex            0%         N/A       50%         2
 Confusing Touch          Hex            0%         N/A       75%         3
 Vampiric Draining        Necr           0%         2d6       75%         3
 Airstrike                Air            0%         N/A       98%         4
 Olgreb's Toxic Radiance  Pois           0%         N/A       98%         4
 Summon Lightning Spire   Summ/Air       0%         N/A       98%         4
 Lightning Bolt           Conj/Air       0%         1d11      100%        5
 Ozocubu's Refrigeration  Ice            0%         4d5       100%        7
 Ignition                 Fire           0%         3d3       100%        8


Dungeon Overview and Level Annotations

Branches:
Dungeon (6/15)             Temple (1/1) D:4           Sewer (visited)

Altars:
Cheibriados
Dithmenos
Elyvilon
Fedhas
Gozag
Kikubaaqudgha
Makhleb
Nemelex Xobeh
Okawaru
Ru
Sif Muna
Uskayaw
Vehumet
Wu Jian
Xom
Yredelemnul
The Shining One

Shops:
D:3 :


Innate Abilities, Weirdness & Mutations

You can breathe wild blasts of lightning.
Your glossy black scales are hard. (AC +6)
You cannot fit into any form of body armour.
You are resistant to electric shocks. (rElec)
You are cold-blooded and may be slowed by cold attacks.


Message History

You closely miss the giant cockroach.
Your tail-slap misses the giant cockroach.
The giant cockroach is severely wounded.
The giant cockroach bites you but does no damage.
You slash the giant cockroach!
You kill the giant cockroach!
No target in view!
No target in view!
No target in view!
No target in view!
You enter the shallow water.
Moving in this stuff is going to be slow.
You see here a giant cockroach corpse.
You now have 346 gold pieces (gained 17).
s - 2 yellow potions (gained 1)
You see here 25 bolts.
A necrophage comes into view.
The necrophage moves out of view.
Found a stone staircase leading up and a stone staircase leading down.
A necrophage is nearby!
A necrophage is nearby!
The necrophage barely misses you.
You riposte.
You hit the necrophage but do no damage.
You tail-slap the necrophage.
The necrophage is lightly damaged.
You breathe a wild blast of lightning!
The orb of electricity explodes!
The orb of electricity engulfs you! You resist.
The orb of electricity engulfs the necrophage!!
The necrophage is almost destroyed.
The necrophage barely misses you.
You can now pass through a line of other dancers.
You closely miss the necrophage.
The necrophage is almost destroyed.
The necrophage closely misses you.
You riposte.
You hit the necrophage.
The necrophage is almost destroyed.
You hit the necrophage.
You destroy the necrophage!
You have reached level 8!
You feel agile.
You can no longer pass through a line of other dancers.
Magic restored.
You have got your breath back.
HP restored.
Found a hunting sling.
Found a trident.
You see here a +0 hunting sling.
Found a short sword.
You now have 352 gold pieces (gained 6).
You now have 363 gold pieces (gained 11).
Found an escape hatch in the floor.
A two-headed ogre comes into view.
It is wielding a +0 giant club and a +0 giant spiked club.
Found 26 stones.
A two-headed ogre is nearby!
You stomp with the beat, sending a shockwave through the revellers around you!
You can no longer stomp with the beat.
The two-headed ogre shouts in stereo!
Unknown command.
Unknown command.
You breathe a wild blast of lightning!
The zap hits the two-headed ogre.
The two-headed ogre is lightly wounded.
Aiming: Iceblast
Press: ? - help, Shift-Dir - straight line, f - two-headed ogre
Aim: a two-headed ogre, wielding a +0 giant club and a +0 giant spiked club (lightly wounded)
The mass of ice explodes!
The iceblast engulfs the two-headed ogre!
The two-headed ogre is moderately wounded.
Aiming: Iceblast
Press: ? - help, Shift-Dir - straight line, f/p - two-headed ogre
Aim: a two-headed ogre, wielding a +0 giant club and a +0 giant spiked club (moderately wounded)
The mass of ice explodes!
The iceblast engulfs the two-headed ogre!
The two-headed ogre is heavily wounded.
You can now stomp with the beat.
Aiming: Iceblast
Press: ? - help, Shift-Dir - straight line, f/p - two-headed ogre
Aim: a two-headed ogre, wielding a +0 giant club and a +0 giant spiked club (heavily wounded)
The mass of ice explodes!
The iceblast engulfs the two-headed ogre!
The two-headed ogre is heavily wounded.
You hit the two-headed ogre.
The two-headed ogre is severely wounded.
The two-headed ogre closely misses you.
The two-headed ogre completely misses you.
You can now pass through a line of other dancers.
You completely miss the two-headed ogre.
The two-headed ogre is severely wounded.
The two-headed ogre hits you with a +0 giant club!!
Ouch! That really hurt!
The two-headed ogre misses you.
You hit the two-headed ogre.
The two-headed ogre is severely wounded.
The two-headed ogre hits you with a +0 giant club.
The two-headed ogre hits you with a +0 giant spiked club!!
* * * LOW HITPOINT WARNING * * *
You barely miss the two-headed ogre.
The two-headed ogre is severely wounded.
You hit the two-headed ogre but do no damage.
The two-headed ogre is severely wounded.
The two-headed ogre hits you with a +0 giant club!
You die...

,,,*,*,* *,***, *,,*,*>* ########
*,**** *,,*,*,* #(.....# *,*,,,
*,,*,*,* #......# *<*,** ****,*,*
#......# *,*,*, *,*,* #......#
*,*,*, ****,*,* #......#
*##**,*,*, ,,,*,*,* #....O.#
#..,,,*,*, **,*,*,* #....@.#
#.#*,,*,*, *,,,*** #...)..#
#.#,,,*,,, *****
#......######.#,,*,,,,
#....^........#,,,<,,* ####
#.............#,,,,*,, ...#
#.............########
##.#*******#####......)...)......
*,*,,,,,,* #.........#####...
*,*,,,,,,* #.........# #...


You could see a two-headed ogre.

Vanquished Creatures
  An ice beast (D:4)
  A necrophage (D:6)
  2 bullfrogs (Sewer)
  2 scorpions
  A howler monkey (D:6)
  4 hounds
  A centaur skeleton (D:6)
  2 iguanas
  2 orc wizards
  A scorpion zombie (D:5)
  A hound zombie (D:5)
  Robin (D:3)
  2 howler monkey skeletons
  10 adders
  A worm (D:5)
  12 dart slugs
  17 orcs
  6 bats
  4 endoplasms
  10 giant cockroaches
  17 goblins
  12 hobgoblins
  3 jackals (D:1)
  5 quokkas
  15 ball pythons
  8 frilled lizards
  5 kobolds
  5 rats
151 creatures vanquished.

Vanquished Creatures (others)
  13 plants (D:5)
13 creatures vanquished.

Grand Total: 164 creatures vanquished

Notes
Turn   | Place    | Note
-------+----------+-------------------------------------------
     0 | D:1      | SkeletonJelly the Draconian Monk began the quest for the
                  | Orb.
     0 | D:1      | Reached XP level 1. HP: 19/19 MP: 1/1
     1 | D:1      | Noticed an electric eel
   181 | D:1      | Reached XP level 2. HP: 26/26 MP: 2/2
   380 | D:1      | Reached skill level 4 in Long Blades
   397 | D:1      | Reached XP level 3. HP: 21/31 MP: 3/3
  1786 | D:2      | Reached skill level 5 in Long Blades
  1786 | D:2      | Reached XP level 4. HP: 28/38 MP: 4/4
  2413 | D:3      | Found Xexi's Book Shoppe.
  2686 | D:3      | Noticed Robin
  2701 | D:3      | Killed Robin
  2734 | D:3      | Reached XP level 5. HP: 16/45 MP: 5/5
  3079 | D:3      | Found a radiant altar of Vehumet.
  3483 | D:4      | Found a staircase to the Ecumenical Temple.
  3492 | D:4      | Reached skill level 6 in Long Blades
  3505 | Temple   | Entered the Ecumenical Temple
  3730 | Temple   | Became a worshipper of Uskayaw the Reveller
  3730 | Temple   | Reached * piety under Uskayaw
  3754 | D:4      | Reached ** piety under Uskayaw
  3760 | D:4      | Reached skill level 1 in Invocations
  3781 | D:4      | Reached *** piety under Uskayaw
  4055 | D:4      | Reached XP level 6. HP: 42/51 MP: 6/8
  4121 | D:4      | Found a glowing golden altar of the Shining One.
  4738 | D:4      | Noticed an ice beast
  4748 | D:4      | Killed an ice beast
  5123 | D:5      | Entered Level 5 of the Dungeon
  5231 | D:5      | Reached skill level 5 in Invocations
  5386 | D:5      | Found a shadowy altar of Dithmenos.
  5414 | D:5      | Your scales start taking on a glossy black colour.
  5414 | D:5      | Reached XP level 7. HP: 53/57 MP: 11/11
  5414 | D:5      | Gained mutation: You are resistant to electric shocks.
                  | (rElec) [Black Draconian growth]
  5932 | D:5      | Found a snail-covered altar of Cheibriados.
  6290 | D:6      | Reached **** piety under Uskayaw
  6376 | D:6      | Found a glowing drain.
  6385 | Sewer    | Entered a sewer
  6622 | Sewer    | Reached skill level 7 in Long Blades
  7202 | D:6      | Reached XP level 8. HP: 56/63 MP: 11/13
  7266 | D:6      | Noticed a two-headed ogre
  7275 | D:6      | HP: 2/63 [two-headed ogre (24)]
  7277 | D:6      | Mangled by a two-headed ogre

Illustrated notes

Levels and vault maps discovered:
D:1:      arrival_aquarium_a, layout_loops_ring, serial_rivers,
          chequers_serial_rivers_large_a, chequers_serial_rivers_micro_e,
          chequers_serial_rivers_micro_b, chequers_serial_rivers_micro_a,
          chequers_serial_rivers_micro_a, chequers_serial_rivers_marsh,
          minmay_misc_feat_roman, minmay_vboxes
D:2:      layout_basic
D:3:      kennysheep_slugbush, layout_basic, nicolae_vehumet_altar_sigil,
          serial_shops, nicolae_lakefront_shop, serial_corexii_hall,
          corexii_hall_statues_t, corexii_hall_statues_x,
          chequers_hall_statues_y, corexii_hall_statues_x, uniq_robin
D:4:      layout_cave_pods, tso_metal_star, minmay_temple_entry_gardened_gates
D:5:      layout_cave_pools, lemuel_doored_altar, slow_altar_2, serial_bayou,
          serial_bayou_lagoon_b, serial_bayou_crossing, serial_bayou_shore_b,
          serial_bayou_pond_c, due_unseen_surprise
D:6:      layout_basic, cheibrodos_sewer_entry_drain, serial_shops, shop,
          kennysheep_generic_room_16
Temple:   nicolae_temple_figure_eight

Skill      XL: |  1  2  3  4  5  6  7 |
---------------+----------------------+-----
Long Blades    | 4 5 6 7 |  7.6
Invocations    | 3 5 6 |  6.7
Fighting       | |  3.3
Dodging        | |  2.7
Stealth        | |  1.8

Action                   |  1- 3 |  4- 6 |  7- 9 || total
-------------------------+-------+-------+-------++-------
Melee: Falchion          |   133 |   285 |   142 ||   560
       Tailslap          |    15 |    47 |    16 ||    78
Invok: Stomp             |       |     4 |     4 ||     8
 Abil: Breathe Lightning |       |       |    10 ||    10
Evoke: Wand              |       |       |     3 ||     3
  Use: Scroll            |       |       |     2 ||     2
 Stab: Sleeping          |     4 |     3 |       ||     7
       Paralysed         |       |     3 |     2 ||     5
Armor: Skin              |    58 |   137 |    79 ||   274
Dodge: Dodged            |    92 |   182 |   126 ||   400
       Rpst.: Falchion   |    31 |    52 |    38 ||   121
